Map: Void Zone

Players

Mercury

  • Race: Zerg Zerg
  • Spawn Location: 1:00

Cookies

  • Race: Zerg Zerg
  • League: Gold
  • Spawn Location: 11:00

Berloga

  • Race: Zerg Zerg
  • Spawn Location: 1:00

MATI

  • Race: Protoss Protoss
  • Spawn Location: 1:00

Cooler - Winner!

  • Race: Protoss Protoss
  • Spawn Location: 5:00

Amix - Winner!

  • Race: Zerg Zerg
  • League: Platinum
  • Spawn Location: 7:00

pcL - Winner!

  • Race: Terran Terran
  • League: Silver
  • Spawn Location: 5:00

NukeSkywalka - Winner!

  • Race: Terran Terran
  • Spawn Location: 5:00

VOD

Have the link to the VOD?

Description

Time

  • Played on: Dec. 11, 2016, 3:31 a.m.
  • Length: 7:28
Show
View Real Time Build Order
Export as new Build Order

Mercury Zerg 

Build Orders: Pool First 

Get SALT Encoding   

  12  0:03  Drone  
  13  0:08  Drone  
  14  0:34  Spawning Pool  
  13  0:43  Drone  
  14  0:57  Hatchery  
  14  1:02  Drone  
  14  1:08  Overlord  
  14  1:19  Overlord  
  14  1:27  Drone x2  
  16  1:36  Extractor  
  16  1:37  Drone  
  16  1:38  Extractor  
  15  1:47  Drone  
  16  2:01  Drone, Evolution Chamber  
  16  2:03  Evolution Chamber  
  15  2:11  Drone x2  
  17  2:20  Zergling x2  
  18  2:23  Zergling x2  
  19  2:31  Zergling x2  
  19  2:33  Zergling x2  
  21  2:38  Queen  
  21  2:39  Queen  
  25  2:49  Zergling x2  
  25  2:50  Zergling x2  
  27  2:51  Zergling x2  
  27  2:53  Zergling x2  
  29  3:01  Drone  
  30  3:06  Drone  
  31  3:18  Zergling x2  
  31  3:19  Zergling x2  
  33  3:26  Zergling x4  
  35  3:31  Queen  
  36  3:36  Zerg Missile Weapons Level 1  
  36  3:40  Zerg Melee Weapons Level 1  
  36  3:47  Overlord  
  36  4:19  Overlord  
  34  4:25  Lair  
  34  4:31  Zergling x2  
  27  4:45  Zergling x2  
  27  4:46  Zergling x10  
  32  4:53  Zergling x4  
  32  4:54  Zergling x2  
  35  5:04  Zergling x2  
  4  6:52  Drone  
Show
View Real Time Build Order
Export as new Build Order

Cookies Zerg 

Build Orders: Hatch First 

Get SALT Encoding   

  12  0:01  Drone  
  13  0:11  Drone  
  14  0:18  Overlord  
  14  0:47  Drone, Hatchery  
  14  0:49  Drone  
  15  1:04  Drone  
  16  1:05  Drone  
  17  1:16  Spawning Pool  
  16  1:19  Drone  
  17  1:26  Drone, Extractor  
  17  1:33  Drone  
  18  1:43  Drone  
  19  2:06  Queen x2  
  23  2:11  Baneling Nest  
  23  2:13  Zergling x2  
  23  2:14  Zergling x6  
  21  2:48  Overlord x2  
  19  3:15  Zergling x2  
  19  3:16  Zergling x8  
  8  4:04  Drone x4  
  8  4:05  Drone x2  
  14  4:10  Drone  
  14  4:11  Drone  
  4  5:22  Zergling x4  
  4  5:23  Zergling x6  
  9  5:31  Spine Crawler  
Show
View Real Time Build Order
Export as new Build Order

Berloga Zerg 

Build Orders: Hatch First 

Get SALT Encoding   

  12  0:03  Drone  
  13  0:12  Drone  
  14  0:44  Extractor  
  14  0:48  Hatchery  
  12  0:53  Drone x2  
  12  0:54  Overlord  
  14  1:16  Drone, Spawning Pool  
  14  1:21  Drone  
  15  1:33  Drone  
  16  1:41  Drone  
  17  1:50  Drone  
  18  1:58  Drone  
  19  2:02  Drone  
  19  2:07  Lair  
  20  2:14  Drone  
  21  2:18  Drone  
  22  2:32  Drone x2  
  22  2:34  Drone  
  22  2:35  Drone  
  26  2:41  Overlord  
  26  2:49  Spine Crawler  
  26  2:50  Queen  
  27  2:54  Drone  
  28  3:00  Drone  
  28  3:03  Drone  
  30  3:17  Hydralisk Den  
  29  3:22  Drone x2, Evolution Chamber  
  29  3:24  Drone x2  
  32  3:27  Queen  
  34  3:34  Drone  
  34  3:36  Overlord  
  34  3:37  Overlord  
  35  3:42  Overseer  
  35  3:47  Overseer  
  35  3:57  Evolution Chamber  
  35  3:59  Extractor  
  33  4:05  Evolution Chamber, Queen  
  33  4:06  Drone x2  
  33  4:07  Drone x2  
  33  4:08  Drone  
  39  4:20  Hydralisk  
  41  4:24  Hydralisk  
  34  4:56  Hydralisk x3  
  39  5:02  Zergling x2  
  39  5:03  Zergling x4  
  28  6:12  Evolution Chamber  
Show
View Real Time Build Order
Export as new Build Order

MATI Protoss 

Build Orders:  

Get SALT Encoding   

  12  0:02  Probe (Chrono Boost)  
  13  0:18  Pylon  
  13  0:23  Probe (Chrono Boost)  
  14  0:34  Probe (Chrono Boost)  
  15  0:48  Forge  
  15  0:58  Pylon  
  15  1:07  Gateway  
  15  1:13  Assimilator  
  15  1:19  Assimilator  
  15  1:44  Probe (Chrono Boost)  
  16  1:54  Probe (Chrono Boost)  
  17  2:01  Cybernetics Core  
  17  2:05  Probe (Chrono Boost)  
  18  2:39  Nexus  
  18  2:52  Stalker  
  20  3:13  Twilight Council  
  20  3:22  Stalker  
  20  3:25  Pylon  
  22  3:52  Stalker  
  24  4:06  Robotics Facility  
  24  4:13  Dark Shrine  
  24  4:22  Stalker  
  26  4:25  Templar Archives  
  20  4:51  Probe (Chrono Boost)  
  21  4:59  Immortal  
  25  5:02  Probe (Chrono Boost)  
  26  5:12  Probe (Chrono Boost)  
  27  5:23  Probe (Chrono Boost)  
  28  5:33  Probe (Chrono Boost)  
  23  6:01  Pylon  
  6  6:49  Forge  
Show
View Real Time Build Order
Export as new Build Order

Cooler Protoss - Winner!

Build Orders:  

Get SALT Encoding   

  12  0:02  Probe (Chrono Boost)  
  13  0:13  Probe (Chrono Boost)  
  14  0:18  Pylon  
  14  0:23  Probe (Chrono Boost)  
  15  0:37  Gateway  
  15  0:39  Probe (Chrono Boost)  
  16  0:48  Assimilator  
  16  0:49  Probe (Chrono Boost)  
  17  1:00  Probe (Chrono Boost)  
  18  1:04  Pylon  
  18  1:10  Probe (Chrono Boost)  
  19  1:18  Gateway  
  19  1:26  Zealot (Chrono Boost)  
  19  1:30  Assimilator  
  21  1:34  Probe  
  22  1:43  Cybernetics Core  
  22  1:46  Probe  
  23  1:50  Zealot (Chrono Boost)  
  25  1:58  Probe  
  28  2:09  Zealot (Chrono Boost)  
  28  2:12  Probe  
  28  2:13  Zealot (Chrono Boost)  
  31  2:20  Twilight Council  
  31  2:21  Warp Gate (Chrono Boost)  
  31  2:52  Nexus  
  31  3:04  Pylon  
  31  3:06  Pylon  
  31  3:22  Adept x2  
  39  4:02  Probe  
  35  4:03  Probe  
  35  4:08  Resonating Glaives (Chrono Boost)  
  37  4:12  Probe  
  37  4:15  Probe  
  39  4:21  Pylon  
  39  4:23  Probe  
  39  4:27  Probe  
  41  4:42  Adept x2  
  41  4:43  Gateway  
  41  4:44  Probe  
  41  4:45  Gateway  
  45  4:46  Probe  
  45  4:50  Pylon  
  47  4:53  Pylon  
  47  4:55  Probe  
  47  4:58  Probe  
  49  5:05  Probe  
  49  5:10  Probe  
  51  5:16  Probe, Adept x2  
  56  5:22  Probe  
  57  5:37  Charge (Chrono Boost), Adept x2  
  57  5:38  Adept  
  57  5:41  Adept  
  63  6:28  Adept  
  63  6:29  Adept x3  
Show
View Real Time Build Order
Export as new Build Order

Amix Zerg - Winner!

Build Orders: Pool First, Zergling Baneling 

Get SALT Encoding   

  12  0:02  Drone  
  13  0:25  Spawning Pool  
  13  0:26  Drone  
  13  0:30  Drone  
  13  0:34  Extractor  
  13  0:37  Drone  
  14  0:46  Overlord  
  14  1:13  Zergling x6  
  17  1:18  Queen  
  17  1:24  Zergling x2  
  20  1:34  Zergling x2  
  20  1:35  Metabolic Boost  
  21  1:45  Zergling x2  
  22  1:57  Overlord  
  22  2:04  Baneling Nest  
  19  2:46  Zergling x10  
  22  3:15  Baneling x3  
  22  3:18  Zergling x6  
  18  3:48  Queen  
  18  3:49  Zergling x6  
  23  3:58  Baneling  
  23  3:59  Baneling x6  
  23  4:01  Drone  
  23  4:02  Drone x2  
  26  4:12  Overlord  
  24  4:34  Zergling x8  
  28  4:40  Queen  
  26  5:16  Zergling x10  
  31  5:23  Zergling x2  
  31  5:53  Zergling x6  
  33  6:07  Zergling x6  
  36  6:25  Hatchery  
  34  6:31  Zergling x6  
  36  6:51  Hatchery  
  35  7:07  Drone x3  
  38  7:08  Overlord x2  
Show
View Real Time Build Order
Export as new Build Order

pcL Terran - Winner!

Build Orders:  

Get SALT Encoding   

  12  0:05  SCV  
  13  0:17  SCV  
  14  0:29  SCV  
  14  0:30  Supply Depot  
  15  0:41  Refinery  
  15  0:52  SCV  
  16  1:04  SCV  
  17  1:06  Barracks  
  17  1:16  SCV  
  18  1:28  SCV  
  19  1:40  SCV  
  20  1:52  SCV  
  21  2:04  SCV  
  21  2:07  Barracks Reactor  
  22  2:12  Barracks  
  22  2:24  Command Center  
  22  2:29  Orbital Command  
  22  2:36  Refinery  
  22  2:46  Marine  
  23  3:00  Supply Depot  
  23  3:09  Barracks Tech Lab  
  23  3:21  Engineering Bay  
  23  3:22  Marine x2, SCV  
  26  3:34  Marauder, SCV  
  28  3:39  Marine x2  
  31  3:46  SCV  
  32  3:48  Engineering Bay  
  32  3:53  Orbital Command  
  32  3:55  Marauder  
  34  3:57  Marine x2  
  34  3:58  SCV  
  37  4:10  SCV  
  37  4:15  Marine x2  
  37  4:16  Marauder  
  42  4:22  SCV  
  43  4:24  Terran Infantry Weapons Level 1  
  43  4:26  Terran Infantry Armor Level 1  
  43  4:33  Marine x2  
  43  4:35  SCV  
  46  5:20  Supply Depot  
  46  5:21  SCV  
  46  5:22  Marine  
  46  5:30  Marine  
  46  5:33  Refinery  
  46  5:37  Refinery  
  46  5:42  Marine, SCV x2, Marauder  
  51  5:44  Supply Depot  
  51  5:48  Marine  
  52  5:54  Factory, SCV x2  
  54  6:06  Marine x2, Marauder, SCV x2  
  60  6:18  SCV  
  60  6:23  Marine  
  60  6:24  Supply Depot  
  62  6:35  Marine  
  62  6:38  Ghost Academy  
  62  6:46  Marine, SCV x2, Marauder  
  67  6:48  Supply Depot  
  67  6:53  Marine  
  68  6:58  SCV x2  
  70  7:03  Marine  
  73  7:10  SCV x2  
  78  7:26  Factory Tech Lab  
Show
View Real Time Build Order
Export as new Build Order

NukeSkywalka Terran - Winner!

Build Orders:  

Get SALT Encoding   

  12  0:03  SCV  
  13  0:17  Supply Depot  
  13  0:18  SCV  
  14  0:31  SCV  
  15  0:40  Barracks  
  15  0:45  SCV  
  16  1:01  Barracks  
  16  1:02  SCV  
  17  1:13  Supply Depot  
  17  1:21  Barracks  
  17  1:32  Barracks  
  17  1:34  Marine  
  18  1:48  SCV  
  19  1:59  Marine x2  
  19  2:00  SCV  
  22  2:07  Supply Depot  
  22  2:11  Barracks  
  22  2:15  Marine  
  23  2:17  Marine  
  23  2:20  SCV  
  25  2:33  Barracks  
  25  2:37  Supply Depot  
  25  2:41  Marine  
  25  2:42  Marine  
  27  2:47  Marine  
  28  2:55  Marine  
  29  2:59  Marine  
  29  3:00  Marine x2  
  29  3:05  Marine  
  33  3:13  Marine  
  33  3:19  Marine x3  
  36  3:20  Marine  
  36  3:26  Supply Depot  
  38  3:40  Marine  
  38  3:41  Marine x4  
  41  3:42  Marine  
  44  3:58  Marine x3  
  44  3:59  Marine x2  
  49  4:09  Marine  
  50  4:16  Marine x3  
  49  4:55  Marine x6  
  54  5:12  Marine  
  54  5:13  Marine x2  
  55  5:23  Marine  
  55  5:35  Marine  
  55  5:45  Marine  
  55  5:48  Marine  
  55  5:49  Marine  
  55  6:00  Orbital Command  
  55  6:07  Engineering Bay  
  55  6:09  Refinery x2, Engineering Bay  
Tags
 
Add a new tag
Caveats
  • Supply blocks, unpowered buildings, or Contaminate may cause inaccurate times.
  • Supply counts are checked every 10 seconds.